[Event "Team 45 45 League T94"]
[Site "Internet Chess Club"]
[Date "2022.11.13"]
[Round "5"]
[White "nosir"]
[Black "smsxman"]
[Result "1-0"]
[WhiteElo "1389"]
[BlackElo "1426"]
[Opening "Queen's pawn, Mason variation"]
[ECO "D00"]
[Time "08:00:40"]
[PlyCount "123"]
[TimeControl "2700+45"]

1. d4 d5 2. Bf4 e6 3. Nf3 Nf6 4. e3 Bd7 5. Nbd2 c5 6. c3 Nc6 7. Bd3 Be7 8. h3 a6
9. Ne5 b5 10. Nxc6 Bxc6 11. Nf3 Ne4 12. Ne5 Bb7 13. O-O c4 14. Bc2 Bf6 15. f3
Nd6 16. Qe2 O-O 17. Bg3 Nf5 18. Bh2 Bh4 19. e4 Ng3 20. Bxg3 Bxg3 21. Rad1 f6 22.
Ng4 f5 23. exf5 exf5 24. Qe6+ Kh8 25. Nf2 Bc8 26. Qe2 Re8 27. Qd2 Qh4 28. Rde1
Bd7 29. Rxe8+ Rxe8 30. Re1 Rd8 31. Re2 Bf4 32. Qe1 Qg3 33. Bxf5 Bc6 34. Ng4 g6
35. Qxg3 Bxg3 36. Bc2 Bh4 37. Ne5 Be8 38. Kf1 Kg7 39. Ng4 Bd7 40. Ne5 Bf5 41.
Bxf5 gxf5 42. Nc6 Rd7 43. Re5 f4 44. Nb4 Bf6 45. Rxd5 Re7 46. Nxa6 Bh4 47. Re5
Ra7 48. Nb4 Be7 49. Nc6 Rxa2 50. Rxe7+ Kg6 51. Ne5+ Kh6 52. Rb7 Rxb2 53. Nxc4
Rb1+ 54. Ke2 Rg1 55. Ne5 Rxg2+ 56. Kd3 Rg3 57. Rxb5 Rxh3 58. d5 Kg7 59. d6 Kf6
60. d7 Ke7 61. Rd5 Rh1 62. d8=Q+ {Black resigns} 1-0

[Event "Team 45 45 League T94"]
[Site "Internet Chess Club"]
[Date "2022.11.12"]
[Round "5"]
[White "burlap"]
[Black "kabindra"]
[Result "1-0"]
[WhiteElo "1266"]
[BlackElo "1533"]
[Opening "Queen's pawn, Mason variation, Steinitz counter-gambit"]
[ECO "D00"]
[Time "16:03:19"]
[PlyCount "72"]
[TimeControl "2700+45"]

1. d4 d5 2. Bf4 c5 3. e3 cxd4 4. exd4 Bf5 5. c3 Nc6 6. Bd3 Qd7 7. Nf3 f6 8. O-O
g5 9. Bg3 h5 10. h3 e6 11. Re1 O-O-O 12. Bxf5 exf5 13. Qd3 f4 14. Bh2 Bd6 15.
Nbd2 Nge7 16. b4 g4 17. Nh4 gxh3 18. Qxh3 f5 19. Re2 Rh7 20. Ndf3 Rg7 21. Ne5
Bxe5 22. dxe5 Rg4 23. Rae1 Qe6 24. f3 Rg7 25. Bxf4 d4 26. cxd4 Nxd4 27. Rd2 Kb8
28. Be3 Ndc6 29. Rxd8+ Nxd8 30. Rd1 Ndc6 31. Bc5 Qxe5 32. Bxe7 Nxe7 33. Rd8+ Kc7
34. Re8 Qe1+ 35. Kh2 Kd7 36. Ra8 Rg3 {Black resigns} 1-0

[Event "Team 45 45 League T94"]
[Site "Internet Chess Club"]
[Date "2022.11.12"]
[Round "5"]
[White "isolani"]
[Black "jcule"]
[Result "0-1"]
[WhiteElo "1260"]
[BlackElo "1374"]
[Opening "QGD: 4.Nf3"]
[ECO "D37"]
[Time "16:00:25"]
[PlyCount "60"]
[TimeControl "2700+45"]

1. d4 d5 2. Nf3 e6 3. c4 Nf6 4. Nc3 h6 5. e3 Be7 6. Bd3 O-O 7. O-O dxc4 8. Bxc4
c5 9. Ne5 Nbd7 10. f4 a6 11. a4 b6 12. Qf3 Nxe5 13. fxe5 Nd5 14. Bxd5 exd5 15.
Qxd5 Qxd5 16. Nxd5 Bd8 17. Bd2 Bb7 18. Nc3 Rc8 19. Rac1 Be7 20. d5 Bg5 21. Rf2
Rfe8 22. e4 Bxd2 23. Rxd2 Rxe5 24. Ne2 Rxe4 25. d6 Rxa4 26. Ng3 g6 27. d7 Rd8
28. Re1 Bc6 29. Ne4 Kg7 30. Nc3 Rd4 {White resigns} 0-1

[Event "Team 45 45 League T94"]
[Site "Internet Chess Club"]
[Date "2022.11.10"]
[Round "5"]
[White "Fulmar"]
[Black "NATYNL09"]
[Result "1-0"]
[WhiteElo "1301"]
[BlackElo "1132"]
[Opening "Ruy Lopez: classical defense, 4.c3"]
[ECO "C64"]
[Time "18:30:42"]
[PlyCount "93"]
[TimeControl "2700+45"]

1. e4 e5 2. Nf3 Nc6 3. Bb5 Bc5 4. c3 d6 5. d4 exd4 6. cxd4 Bb4+ 7. Bd2 Bxd2+ 8.
Nbxd2 Bg4 9. Be2 Bxf3 10. Nxf3 Nf6 11. e5 dxe5 12. dxe5 Qxd1+ 13. Rxd1 O-O 14.
exf6 gxf6 15. O-O Rae8 16. Bb5 a6 17. Bxc6 bxc6 18. Rfe1 Rc8 19. Rc1 Rb8 20.
Rxc6 Rfc8 21. Rxa6 Rxb2 22. Ra1 Rcb8 23. Kf1 R2b7 24. a4 Rc8 25. Rxf6 Ra8 26. a5
Rb5 27. a6 c5 28. Rc6 Kf8 29. a7 Ke8 30. Ke2 Kd7 31. Rca6 Kc7 32. R1a5 Kb7 33.
Rxb5+ Kxa6 34. Rxc5 Rxa7 35. Ng5 Rb7 36. Nxh7 f5 37. Rc6+ Kb5 38. Rh6 f4 39. Kf3
Rf7 40. g3 fxg3+ 41. Kxg3 Kc4 42. h4 Kd3 43. Rd6+ Ke4 44. Ng5+ Kf5 45. Nxf7 Ke4
46. h5 Kf5 47. h6 {Black resigns} 1-0

[Event "Team 45 45 League T94"]
[Site "Internet Chess Club"]
[Date "2022.11.11"]
[Round "5"]
[White "ChessMaine"]
[Black "Electryon"]
[Result "1-0"]
[WhiteElo "1440"]
[BlackElo "1457"]
[Opening "Dutch, 2.Bg5 variation"]
[ECO "A80"]
[Time "16:00:47"]
[PlyCount "173"]
[TimeControl "2700+45"]

1. d4 f5 2. Bg5 h6 3. Bh4 g5 4. Bg3 f4 5. e3 Nf6 6. exf4 d6 7. fxg5 hxg5 8. Bb5+
Bd7 9. Bxd7+ Qxd7 10. Qd3 Rg8 11. Nc3 a6 12. Nge2 Nc6 13. O-O-O O-O-O 14. Rhe1
e5 15. dxe5 Nxe5 16. Bxe5 dxe5 17. Qxd7+ Rxd7 18. Rxd7 Kxd7 19. Ng3 Bd6 20. Nge4
Ke6 21. Nxf6 Kxf6 22. Ne4+ Kf5 23. f3 g4 24. Ng3+ Kg5 25. Re4 gxf3 26. gxf3 Kf6
27. Rg4 Rh8 28. h4 Bf8 29. h5 Bh6+ 30. Kd1 Bf4 31. Ne4+ Kf7 32. Rh4 b6 33. Ke2
Rh6 34. Nf2 Rc6 35. c3 Bg3 36. Rh1 Bxf2 37. Kxf2 Kg7 38. Ke3 Rc4 39. h6+ Kh7 40.
Rh5 a5 41. Kd3 Rf4 42. Rh3 b5 43. Ke3 b4 44. cxb4 axb4 45. Rh5 Rc4 46. Kd3 Rd4+
47. Ke3 Rc4 48. Rxe5 Kxh6 49. Re4 Rc1 50. Rxb4 c5 51. Rb3 c4 52. Rc3 Rb1 53. Rc2
Kg5 54. Kd4 Kf4 55. Kxc4 Kxf3 56. Rc3+ Ke4 57. b4 Ke5 58. Rb3 Rc1+ 59. Kb5 Kd6
60. Ka5 Kc7 61. Ka6 Kb8 62. b5 Rc4 63. a3 Ra4+ 64. Kb6 Ra7 65. Rh3 Rb7+ 66. Kc5
Rc7+ 67. Kb4 Kb7 68. a4 Rg7 69. Rc3 Rg4+ 70. Rc4 Rg1 71. Ka5 Rg8 72. Kb4 Rg1 73.
a5 Rb1+ 74. Kc5 Rh1 75. a6+ Ka7 76. Rc3 Rh5+ 77. Kb4 Rh4+ 78. Ka5 Rh6 79. Rc7+
Ka8 80. b6 Rh5+ 81. Kb4 Rh4+ 82. Kc5 Rh5+ 83. Kd4 Rh4+ 84. Ke5 Rh5+ 85. Kf4 Rh4+
86. Kg5 Ra4 87. Rc8# {Black checkmated} 1-0

[Event "Team 45 45 League T94"]
[Site "Internet Chess Club"]
[Date "2022.11.10"]
[Round "5"]
[White "BlueStorm"]
[Black "Denis240964"]
[Result "1-0"]
[WhiteElo "1572"]
[BlackElo "1417"]
[Opening "Queen's pawn, Mason variation"]
[ECO "D00"]
[Time "09:30:17"]
[PlyCount "117"]
[TimeControl "2700+45"]

1. d4 d5 2. Bf4 e6 3. e3 c5 4. c3 Nc6 5. Nf3 Nf6 6. Be2 b6 7. Nbd2 Be7 8. Qc2
Bb7 9. Bb5 a6 10. Bxc6+ Bxc6 11. Ne5 Bb7 12. O-O Rc8 13. Rfd1 Nh5 14. Bg3 Nxg3
15. hxg3 O-O 16. dxc5 bxc5 17. Nb3 f6 18. Nf3 Qb6 19. c4 Rfd8 20. cxd5 exd5 21.
Rac1 c4 22. Nbd4 g6 23. b3 Ba3 24. Rb1 c3 25. Rd3 Bb2 26. Ne2 Qa5 27. Rxb2 cxb2
28. Qxb2 Rd6 29. Ned4 Qc5 30. a3 Qc1+ 31. Qxc1 Rxc1+ 32. Kh2 Kf7 33. b4 Rd7 34.
Nb3 Rcc7 35. Nc5 Rd6 36. Nd4 Bc8 37. f3 f5 38. a4 Rb6 39. Nc2 Bb7 40. a5 Rd6 41.
Nd4 Bc8 42. Kg1 Ra7 43. Kf2 Bd7 44. Rc3 Bb5 45. Nxb5 axb5 46. a6 d4 47. exd4
Rxd4 48. Rb3 Rc4 49. Ke3 Rc2 50. Rd3 Ke7 51. Kf4 Rxg2 52. Re3+ Kf7 53. Re6 Rc2
54. Rb6 Kg8 55. Rb8+ Kf7 56. Rb7+ Rxb7 57. axb7 Rc4+ 58. Ke3 Rxb4 59. b8=Q
{Black resigns} 1-0

[Event "Team 45 45 League T94"]
[Site "Internet Chess Club"]
[Date "2022.11.13"]
[Round "5"]
[White "bardu"]
[Black "BrerRabbit"]
[Result "0-1"]
[WhiteElo "1191"]
[BlackElo "1335"]
[Opening "QGD Slav: 4.Nc3"]
[ECO "D15"]
[Time "20:29:41"]
[PlyCount "84"]
[TimeControl "2700+45"]

1. d4 d5 2. c4 c6 3. Nc3 Nf6 4. Nf3 a6 5. e3 Bf5 6. Be2 h6 7. O-O Nbd7 8. b3 e6
9. Bb2 Be7 10. cxd5 cxd5 11. Bd3 Bxd3 12. Qxd3 O-O 13. Rac1 Rc8 14. Ne5 Bd6 15.
Ne2 Rc7 16. Rxc7 Qxc7 17. Rc1 Qb8 18. Ng3 Nxe5 19. dxe5 Bxe5 20. Bxe5 Qxe5 21.
f4 Qb8 22. Qe2 Rc8 23. Rxc8+ Qxc8 24. Nh5 Nxh5 25. Qxh5 Qc1+ 26. Kf2 Qc2+ 27.
Qe2 Qxe2+ 28. Kxe2 Kf8 29. Kd3 Ke7 30. Kd4 Kd6 31. Kc3 Kc5 32. b4+ Kb5 33. a3
Ka4 34. Kd4 Kxa3 35. Kc5 Ka4 36. f5 Kb3 37. fxe6 fxe6 38. b5 axb5 39. Kxb5 Kc3
40. Kc5 Kd3 41. Kd6 Kxe3 42. Kxe6 d4 {White resigns} 0-1

[Event "Team 45 45 League T94"]
[Site "Internet Chess Club"]
[Date "2022.11.13"]
[Round "5"]
[White "Ostap-Bender"]
[Black "tamky70"]
[Result "0-1"]
[WhiteElo "1198"]
[BlackElo "1244"]
[Opening "QGD: Chigorin defense"]
[ECO "D07"]
[Time "19:00:53"]
[PlyCount "124"]
[TimeControl "2700+45"]

1. d4 Nc6 2. c4 d5 3. e3 Nf6 4. Nc3 e6 5. Nf3 Be7 6. cxd5 Nxd5 7. e4 Nxc3 8.
bxc3 O-O 9. Bd3 Nb8 10. O-O b6 11. Re1 Nd7 12. Qc2 g6 13. Bh6 Re8 14. Rab1 Bb7
15. Qd2 Bf8 16. Bxf8 Nxf8 17. Qh6 Qe7 18. d5 Qd6 19. c4 Qa3 20. Qd2 Kg7 21. Rb3
Qe7 22. Qc3+ Kg8 23. Rbb1 c5 24. Qd2 Qf6 25. e5 Qg7 26. Be4 exd5 27. Bxd5 Bxd5
28. cxd5 Rad8 29. a4 Nd7 30. e6 fxe6 31. Rxe6 Nf8 32. Rxe8 Rxe8 33. d6 Nd7 34.
Qd5+ Qf7 35. Qxf7+ Kxf7 36. Ng5+ Kg7 37. Kf1 h6 38. Nf3 Kf6 39. Nd2 Re6 40. Nc4
Re4 41. Rc1 Ke6 42. Re1 Rxe1+ 43. Kxe1 Kd5 44. Nb2 Kxd6 45. Kd2 Kd5 46. Kd3 Ne5+
47. Kc3 Ng4 48. f3 Nxh2 49. Nd3 g5 50. f4 gxf4 51. Nxf4+ Kd6 52. Kc4 Ng4 53. Kb5
Kc7 54. Nd5+ Kb7 55. Nc3 Ne5 56. a5 a6+ 57. Ka4 b5+ 58. Kb3 Kc6 59. Kc2 c4 60.
Kb2 b4 61. Ne4 Kb5 62. Nd6+ Kxa5 {White resigns} 0-1

[Event "Team 45 45 League T94"]
[Site "Internet Chess Club"]
[Date "2022.11.11"]
[Round "5"]
[White "smsxman"]
[Black "burlap"]
[Result "1-0"]
[WhiteElo "1413"]
[BlackElo "1238"]
[Opening "French defense"]
[ECO "C00"]
[Time "21:00:47"]
[PlyCount "97"]
[TimeControl "2700+45"]

1. e4 e6 2. Nf3 d5 3. exd5 exd5 4. d4 Bd6 5. Nc3 c6 6. Be2 Ne7 7. a3 O-O 8. O-O
Nd7 9. Bd3 Nf6 10. Re1 Ng6 11. Bg5 h6 12. Bh4 Nxh4 13. Nxh4 Bxh2+ 14. Kf1 Bd6
15. g3 Bh3+ 16. Kg1 Re8 17. Qf3 Bg4 18. Qh1 Rxe1+ 19. Rxe1 Ne4 20. Nxe4 dxe4 21.
Qxe4 f5 22. Nxf5 Bxf5 23. Qxf5 Be7 24. Qh7+ Kf8 25. Bg6 Qd5 26. Be4 Qg8 27. Qf5+
Qf7 28. Qd7 Bf6 29. Qd6+ Kg8 30. Bf5 Rd8 31. Qxd8+ Bxd8 32. Be6 Ba5 33. Bxf7+
Kxf7 34. Re4 b5 35. b4 Bc7 36. c3 g5 37. Kg2 Kf6 38. Kf3 Kf5 39. Re7 g4+ 40. Kg2
Bb6 41. Re5+ Kg6 42. f3 gxf3+ 43. Kxf3 Kf6 44. Kg4 Kg6 45. Re6+ Kf7 46. Rxc6 Kg7
47. Kh5 Bd8 48. Rg6+ Kh7 49. Rxh6+ {Black resigns} 1-0

[Event "Team 45 45 League T94"]
[Site "Internet Chess Club"]
[Date "2022.11.11"]
[Round "5"]
[White "jjmolina1"]
[Black "Visin"]
[Result "1-0"]
[WhiteElo "1466"]
[BlackElo "1283"]
[Opening "Giuoco Piano"]
[ECO "C54"]
[Time "10:00:18"]
[PlyCount "62"]
[TimeControl "2700+45"]

1. e4 e5 2. Nf3 Nc6 3. Bc4 Bc5 4. c3 Nf6 5. Qc2 d6 6. O-O Bg4 7. Be2 O-O 8. d3
h6 9. Nbd2 Qd7 10. b4 Bb6 11. Nc4 a6 12. Nxb6 cxb6 13. Be3 b5 14. a4 bxa4 15.
Rxa4 Qc7 16. Rfa1 Bd7 17. R4a3 Nxb4 18. Qd2 Nc6 19. Rb1 Ng4 20. Bb6 Qc8 21. h3
Nf6 22. c4 Nh7 23. c5 dxc5 24. Bxc5 b5 25. Bxf8 Nxf8 26. Rc1 Qd8 27. Rac3 Nd4
28. Nxd4 exd4 29. Rc5 Ne6 30. Rd5 Qb6 31. Rxd7 Rc8 {Black resigns} 1-0

[Event "Team 45 45 League T94"]
[Site "Internet Chess Club"]
[Date "2022.11.13"]
[Round "5"]
[White "Knightburgler"]
[Black "Constrictor"]
[Result "0-1"]
[WhiteElo "1106"]
[BlackElo "1431"]
[Opening "Queen's pawn"]
[ECO "A40"]
[Time "17:19:03"]
[PlyCount "66"]
[TimeControl "2700+45"]

1. d4 c6 2. Nc3 d5 3. Bf4 Nf6 4. e3 Bf5 5. f3 e6 6. Nge2 Nh5 7. Bxb8 Rxb8 8. g4
Qh4+ 9. Kd2 Bxg4 10. fxg4 Qxg4 11. Ng3 Qxd1+ 12. Rxd1 Nxg3 13. hxg3 a6 14. e4
Rc8 15. exd5 cxd5 16. Na4 Bd6 17. Nc5 Bxc5 18. dxc5 Rxc5 19. Kc1 Ke7 20. Bg2
Rhc8 21. Rd2 h6 22. Re1 Kf8 23. Red1 b5 24. c3 b4 25. Rc2 bxc3 26. b4 Rc4 27. a3
Rg4 28. Rd3 Rgc4 29. Kb1 a5 30. b5 Rb8 31. Bf1 Rxb5+ 32. Kc1 Rb3 33. Rdxc3 Rcxc3
{White resigns} 0-1

[Event "Team 45 45 League T94"]
[Site "Internet Chess Club"]
[Date "2022.11.11"]
[Round "5"]
[White "oldbookseller"]
[Black "seattleblues"]
[Result "0-1"]
[WhiteElo "891"]
[BlackElo "1261"]
[Opening "Queen's Pawn"]
[ECO "A41"]
[Time "07:06:43"]
[PlyCount "56"]
[TimeControl "2700+45"]

1. d4 d6 2. e3 c5 3. Nf3 Nf6 4. Bd3 g6 5. b3 Bg7 6. Bb2 O-O 7. O-O Bg4 8. Nbd2
Nc6 9. Qe1 Nb4 10. Qe2 Nxd3 11. Qxd3 Bf5 12. e4 Bd7 13. e5 dxe5 14. Nxe5 Bf5 15.
Qc4 cxd4 16. Ndf3 Rc8 17. Nxf7 Rxc4 18. Nxd8 Rxc2 19. Ba3 Rxd8 20. Bxe7 Re8 21.
Nxd4 Rxe7 22. Rfd1 Rc8 23. h3 Ne4 24. Nxf5 gxf5 25. Rab1 Nc3 26. Rd8+ Rxd8 27.
Rc1 Ne2+ 28. Kf1 Nxc1 {White resigns} 0-1